 Dungeon Crawl Stone Soup version 0.31-a0-479-g91c9547826 (webtiles) character file.

Game seed: 8264590470747373354

14637644 Bnni the Bringer of Law (level 27, 199/199 HPs)
             Began as a Tengu Fighter on Aug 2, 2023.
             Was the Champion of Zin.
             Escaped with the Orb
             ... and 15 runes on Aug 7, 2023!
             The game lasted 06:35:54 (108029 turns).

Bnni the Bringer of Law (Tengu Fighter)           Turns: 108029, Time: 06:35:54

Health: 199/199    AC: 37    Str: 25    XL:     27
Magic:  34/41      EV: 42    Int:  6    God:    Zin [******]
Gold:   7061       SH: 36    Dex: 28    Spells: 19/41 levels left

rFire   + + +        F - +2 Maxwell's thermic engine {flame, freeze, rev}
rCold   . . .        i - +10 tower shield of Ignorance {rN+ Int-4}
rNeg    + + +        z - +6 pearl dragon scales
rPois   .            P - +0 mask of the Dragon {Will+ Slay+3 SInv}
rElec   +            g - +0 cloak "Quefag" {rF+++ Regen+ rCorr Str-2}
rCorr   +            D - +1 pair of gloves {Str+3}
SInv    +            (boots unavailable)
Will    +++..        r - amulet "Pyimo" {rF+ Regen+ Str+6}
Stlth   +            I - ring "Suvunk" {rElec rCorr Slay+3}
HPRegen 2.13/turn    q - ring "Ichahul" {rN+ AC+4 Dex+3}
MPRegen 0.27/turn

%: no passive effects
@: flying quickly and evasively, studying Stealth, quick
A: beak, talons 3, nimble flight
0: Orb of Zot
}: 15/15 runes: serpentine, barnacled, slimy, silver, golden, iron, obsidian,
icy, bone, abyssal, demonic, glowing, magical, fiery, dark
a: Renounce Religion, Recite, Vitalisation, Imprison, Sanctuary, Donate Gold


You escaped.
You worshipped Zin.
Zin was exalted by your worship.
You visited 18 branches of the dungeon, and saw 85 of its levels.
You visited Pandemonium 3 times, and saw 24 of its levels.
You visited the Abyss 3 times.
You also visited: Ice Cave, Volcano and Wizlab.

You collected 20427 gold pieces.
You spent 5790 gold pieces at shops.
You donated 7576 gold pieces to Zin.

Inventory:

Hand Weapons
 c - a +9 double sword of freezing
 j - a +9 eudemon blade of holy wrath
 F - the +2 Maxwell's thermic engine (weapon) {flame, freeze, rev}
   (You found it on level 3 of the Tomb of the Ancients)
 G - the +10 zealot's sword {holy, Zealotry, *Rage rN+ EV+3}
   (You acquired it on level 3 of the Shoals)

   Zealotry:  Whenever the wielder enters a berserk rage, their allies are
   berserked alongside them.
   EV:        It affects your evasion (+3).
   rN:        It protects you from negative energy.
   *Rage:     It berserks you when you make melee attacks (+20% chance).
Missiles
 p - 8 silver javelins
 w - 5 throwing nets
 A - 8 curare-tipped darts
 H - 70 boomerangs (quivered)
 Y - 23 javelins
Armour
 g - the +0 cloak "Quefag" (worn) {rF+++ Regen+ rCorr Str-2}
   (You found it on level 3 of the Vaults)

   Str:       It affects your strength (-2).
   rF:        It renders you almost immune to fire.
   Regen:     It increases your rate of health regeneration.
   rCorr:     It protects you from acid and corrosion.
 i - the +10 tower shield of Ignorance (worn) {rN+ Int-4}
   (You found it on level 3 of the Elven Halls)

   Int:       It affects your intelligence (-4).
   rN:        It protects you from negative energy.
 z - +6 pearl dragon scales (worn)
 D - a +1 pair of gloves of strength (worn)
 M - the +4 dragonskin cloak
   (You took it off Tiamat on level 1 of the Realm of Zot)

   Avatar's Aegis: It grants the wearer a chance to resist fire, cold, poison,
   electricity, acid, and negative energy.
 P - the +0 mask of the Dragon (worn) {Will+ Slay+3 SInv}
   (You found it on level 5 of the Lair of Beasts)

   Slay:      It affects your accuracy & damage with ranged weapons and melee
   (+3).
   SInv:      It lets you see invisible.
   Will:      It increases your willpower.
Jewellery
 q - the ring "Ichahul" (right hand) {rN+ AC+4 Dex+3}
   (You took it off an ancient champion on level 7 of the Iron City of Dis)

   [ring of protection]

   AC:        It affects your AC (+4).
   Dex:       It affects your dexterity (+3).
   rN:        It protects you from negative energy.
 r - the amulet "Pyimo" (around neck) {rF+ Regen+ Str+6}
   (You found it on level 5 of the Vaults)

   [amulet of regeneration]

   Str:       It affects your strength (+6).
   rF:        It protects you from fire.
   Regen:     It increases your rate of health regeneration.
 s - a ring of protection from cold
 I - the ring "Suvunk" (left hand) {rElec rCorr Slay+3}
   (You bought it in a shop on level 2 of the Shoals)

   [ring of resist corrosion]

   Slay:      It affects your accuracy & damage with ranged weapons and melee
   (+3).
   rElec:     It insulates you from electricity.
   rCorr:     It protects you from acid and corrosion.
 T - the ring "Ycyonuv" {rC+ Str+3}
   (You found it in Pandemonium)

   [ring of protection from cold]

   Str:       It affects your strength (+3).
   rC:        It protects you from cold.
Wands
 u - a wand of roots (113)
 x - a wand of digging (39)
 C - a wand of quicksilver (96)
Scrolls
 b - 10 scrolls of immolation
 k - 13 scrolls of fog
 m - 24 scrolls of teleportation
 o - 12 scrolls of blinking
 t - 3 scrolls of enchant weapon
 y - 4 scrolls of revelation
 J - 13 scrolls of fear
 R - 4 scrolls of butterflies
 V - 5 scrolls of silence
Potions
 a - 6 potions of cancellation
 d - 7 potions of might
 e - 9 potions of enlightenment
 f - 10 potions of heal wounds
 h - 43 potions of curing
 n - 8 potions of berserk rage
 v - 17 potions of ambrosia
 B - 9 potions of magic
 E - 7 potions of resistance
 K - 4 potions of haste
 L - 9 potions of attraction
 O - 8 potions of invisibility
 Q - 17 potions of mutation
Miscellaneous
 l - a figurine of a ziggurat
 N - a phantom mirror
 S - a phial of floods


   Skills:
 O Level 27 Fighting
 + Level 18.1 Long Blades
 O Level 27 Throwing
 O Level 27 Armour
 O Level 27 Dodging
 + Level 22.4 Shields
 + Level 7.6 Spellcasting
 - Level 3.0 Hexes
 + Level 17.1 Translocations
 - Level 8.0 Air Magic
 O Level 27 Invocations


You had 19 spell levels left.
You knew the following spells:

 Your Spells              Type           Power      Damage    Failure   Level
a - Lesser Beckoning      Tloc           44%        N/A       1%          2
b - Blink                 Tloc           44%        N/A       1%          2
c - Portal Projectile     Hex/Tloc       28%        N/A       2%          3
d - Vhi's Electric Charg  Tloc/Air       34%        N/A       1%          3
e - Manifold Assault      Tloc           22%        N/A       1%          4
g - Passage of Golubria   Tloc           22%        N/A       1%          4
s - Swiftness             Air            11%        N/A       5%          3
z - Apportation           Tloc           44%        N/A       1%          1

Your spell library contained the following spells:

 Spells                   Type           Power      Damage    Failure   Level
 Gell's Gravitas          Tloc           22%        N/A       1%          3
 Teleport Other           Tloc           22%        N/A       1%          3
 Momentum Strike          Conj/Tloc      24%        3d8       2%          2
 Volatile Blastmotes      Fire/Tloc      24%        2d12      4%          3
 Dispersal                Tloc           11%        N/A       7%          6
 Shock                    Conj/Air       28%        1d4       10%         1
 Slow                     Hex            20%        N/A       14%         1
 Poisonous Vapours        Pois/Air       14%        N/A       14%         2
 Static Discharge         Conj/Air       14%        2-3/arc   14%         2
 Iskenderun's Mystic Bla  Conj/Tloc      12%        2d5       14%         4
 Airstrike                Air            5%         2d(1-17)  19%         4
 Cigotuvi's Dreadful Rot  Necr/Pois/Air  10%        N/A       26%         2
 Ensorcelled Hibernation  Hex/Ice        8%         N/A       38%         2
 Summon Forest            Summ/Tloc      6%         N/A       38%         5
 Confusing Touch          Hex            5%         N/A       41%         3
 Tukima's Dance           Hex            5%         N/A       41%         3
 Foxfire                  Conj/Fire      8%         2x1d4     45%         1
 Freeze                   Ice            8%         1d3       45%         1
 Kiss of Death            Conj/Necr      8%         2d6       45%         1
 Magic Dart               Conj           8%         1d3       45%         1
 Sandblast                Erth           4%         2d4       45%         1
 Sting                    Tmut/Pois      8%         1d3       45%         1
 Summon Small Mammal      Summ           8%         N/A       45%         1
 Mephitic Cloud           Conj/Pois/Air  5%         N/A       45%         3
 Call Imp                 Summ           4%         N/A       58%         2
 Passwall                 Tmut/Erth      1%         N/A       58%         2
 Scorch                   Fire           4%         2d5       58%         2
 Searing Ray              Conj           4%         2d4       58%         2
 Sublimation of Blood     Necr           2%         N/A       58%         2
 Dazzling Flash           Conj/Hex       8%         N/A       63%         3
 Inner Flame              Hex/Fire       4%         N/A       63%         3
 Summon Lightning Spire   Summ/Air       7%         N/A       67%         4
 Cause Fear               Hex            2%         N/A       82%         4
 Silence                  Hex/Air        4%         N/A       82%         5
 Call Canine Familiar     Summ           2%         N/A       83%         3
 Frozen Ramparts          Ice            4%         1d1       83%         3
 Hailstorm                Conj/Ice       2%         3d3       83%         3
 Ignite Poison            Fire/Tmut/Pois 2%         N/A       83%         3
 Ozocubu's Armour         Ice            2%         N/A       83%         3
 Stone Arrow              Conj/Erth      4%         3d7       83%         3
 Anguish                  Hex/Necr       2%         N/A       95%         4
 Fulminant Prism          Conj/Hex       2%         3d5       95%         4
 Leda's Liquefaction      Hex/Erth       2%         N/A       95%         4
 Arcjolt                  Conj/Air       3%         1d13      95%         5
 Disjunction              Tloc           11%        N/A       96%         8
 Animate Armour           Summ/Erth      4%         N/A       99%         4
 Animate Dead             Necr           2%         N/A       99%         4
 Dispel Undead            Necr           2%         3d7       99%         4
 Flame Wave               Conj/Fire      2%         2d4       99%         4
 Olgreb's Toxic Radiance  Pois           2%         N/A       99%         4
 Petrify                  Tmut/Erth      2%         N/A       99%         4
 Sticky Flame             Conj/Fire      2%         2d3       99%         4
 Summon Ice Beast         Ice/Summ       2%         N/A       99%         4
 Freezing Cloud           Conj/Ice/Air   2%         6-21      99%         5
 Agony                    Necr           2%         N/A       100%        5
 Alistair's Intoxication  Tmut/Pois      1%         N/A       100%        5
 Borgnjor's Vile Clutch   Necr/Erth      1%         N/A       100%        5
 Fireball                 Conj/Fire      1%         3d3       100%        5
 Irradiate                Conj/Tmut      1%         3d12      100%        5
 Iskenderun's Battlesphe  Conj           2%         2d6       100%        5
 Lee's Rapid Deconstruct  Erth           1%         3d4*      100%        5
 Metabolic Englaciation   Hex/Ice        2%         N/A       100%        5
 Summon Mana Viper        Hex/Summ       4%         N/A       100%        5
 Yara's Violent Unravell  Hex/Tmut       2%         3d3       100%        5
 Conjure Ball Lightning   Conj/Air       3%         3x3d6     100%        6
 Eringya's Noxious Bog    Tmut/Pois      1%         4d6       100%        6
 Leda's Unmaking          Conj/Erth      1%         9d1       100%        6
 Plasma Beam              Fire/Air       3%         2x1d13    100%        6
 Simulacrum               Ice/Necr       1%         N/A       100%        6
 Starburst                Conj/Fire      1%         6d3       100%        6
 Summon Cactus Giant      Summ           1%         N/A       100%        6
 Enfeeble                 Hex            2%         N/A       100%        7
 Haunt                    Necr/Summ      1%         N/A       100%        7
 Monstrous Menagerie      Summ           1%         N/A       100%        7
 Ozocubu's Refrigeration  Ice            1%         4d7       100%        7
 Spellforged Servitor     Conj/Summ      1%         N/A       100%        7
 Summon Hydra             Summ           1%         N/A       100%        7
 Discord                  Hex            2%         N/A       100%        8
 Ignition                 Fire           1%         3d3       100%        8
 Infestation              Necr           1%         N/A       100%        8
 Lehudib's Crystal Spear  Conj/Erth      1%         10d2      100%        8
 Maxwell's Capacitive Co  Air            5%         ∞         100%        8
 Dragon's Call            Summ           1%         N/A       100%        9
 Polar Vortex             Ice            1%         N/A       100%        9


Dungeon Overview and Level Annotations

Branches:
Dungeon (15/15)            Temple (1/1) D:4            Lair (5/5) D:11
 Shoals (4/4) Lair:2        Snake (4/4) Lair:3        Slime (5/5) Lair:5
    Orc (2/2) D:10            Elf (3/3) Orc:2        Vaults (5/5) D:14
  Crypt (3/3) Vaults:2       Tomb (3/3) Crypt:3      Depths (4/4) D:15
   Hell (visited)             Dis (7/7) Hell            Geh (7/7) Hell
    Coc (7/7) Hell            Tar (7/7) Hell            Zot (5/5) Depths:4
  IceCv (visited)         Volcano (visited)          WizLab (visited)

Altars:
Ashenzari
Cheibriados
Dithmenos
Elyvilon
Fedhas
Gozag
Hepliaklqana
Kikubaaqudgha
Makhleb
Nemelex Xobeh
Okawaru
Qazlal
Ru
Sif Muna
Trog
Uskayaw
Vehumet
Wu Jian
Xom
Yredelemnul
Zin
The Shining One
Jiyva

Shops:
D:11 ?   Orc:2 =(*[   Elf:2 (   Elf:3 :   Shoals:1 (**[   Shoals:2 [=([
Shoals:3 ?   Snake:1 *(*   Snake:2 :   Vaults:1 ?   Vaults:2 ?   Vaults:3 !
Vaults:4 !

Portals:
Hell: Depths:1 Depths:2 Depths:3 Depths:4
Abyss: Depths:3
Pandemonium: Depths:2
Ziggurat: Depths:3

Annotations:
D:11 2 transporters
D:14 1 runed translucent door
Snake:1 6 transporters
Elf:2 3 runed translucent doors


Innate Abilities, Weirdness & Mutations

You have a beak for a mouth.
You have claws for feet.
Your magical nature lets you fly swiftly and evasively.


Message History

There is a stone staircase leading down here.
There is a stone staircase leading up here.
You fly upwards.
There is a stone staircase leading down here.
A Siuhiaj Mypa and a small abomination come into view.
Press: ? - help, v - describe, . - travel
Here: Siuhiaj Mypa The floor.
Unknown command.
Zin grants you divine stamina.
You chop the small abomination into pieces!!!
You burn the small abomination.
You destroy the small abomination!
Zin accepts your kill.
Aiming: Imprison (0% risk of failure)
Press: ? - help, Dir - move target, f - Siuhiaj Mypa
Aim: Siuhiaj Mypa Zin imprisons Siuhiaj Mypa with walls of pure silver!
There is a stone staircase leading up here.
You fly upwards.
There is a stone staircase leading down here.
There is a stone staircase leading up here.
You fly upwards.
There is a stone staircase leading down here.
Magic restored.
An Orb Guardian comes into view.
There is a stone staircase leading up here.
You fly upwards.
There is a stone staircase leading down here.
There is a stone staircase leading up here.
You fly upwards.
Your divine stamina fades away.
There is a stone staircase leading down here.
There is a staircase leading out of the dungeon here.
Activating: Sanctuary (0% risk of failure)
Press: ? - help, Dir - look around, f - activate You hear a choir sing!
You feel that Zin will soon be exalted by your worship.
Unknown command.
You have escaped!

...###.##.....#...##########..###
##.# #........#...#...PP. #....#
#.# ####.#...#...#...P. #.##..
#.# #.#...#.#.#P.P♣ #.##.. #)#
#.#...#.#.#...♣P. #.##..
#.######.#...#...#.P.♣.. #.##..
##.#..........#...#P.P..♣ #.)'..
...#.####.##..#...#PPP... #.##..
####.# #.##..#.@.#...PPP #.##..
...#.# #.##..#...#.PP... #.##..
##.#.# #.##..#...#..P..P #.##..
##.#.# #.##..#...#.P.P.P #.####
...#.####.....#.#.#P...♣P #.....
..............#.#.#..♣P.P #.####
####.#............#PP.PP. #.#
...(.#.#######....#♣PPP♣P #.# #
######.#######....##########.####


There were no monsters in sight!

Vanquished Creatures
  Cerebov (Pan)
  Antaeus (Coc:7)
  Asmodeus (Geh:7)
  the Royal Jelly (Slime:5)
  Gloorx Vloq (Pan)
  Ereshkigal (Tar:7)
  A seraph (Pan)
  Mnoleg (Pan)
  Lom Lobon (Pan)
  the Serpent of Hell (Tar:7)
  Tiamat (Zot:1)
  4 ancient liches
  Dispater (Dis:7)
  10 orbs of fire
  8 dread liches
  3 juggernauts (Dis:7)
  Mennas (Tomb:3)
  22 royal mummies
  Sojobo (Depths:3)
  The ghost of Utal the Brawler, a veteran TrSh of Hepliaklqana (Vaults:4)
  Boris (twice) (Depths:2 Vaults:4)
  Saint Roka (Vaults:1)
  15 shard shrikes
  A curse toe (Zot:2)
  8 pandemonium lords (Pan)
  3 Killer Klowns (Zot:5)
  8 caustic shrikes (Dis:7)
  Geryon (Hell)
  10 golden dragons
  7 profane servitors
  Norris (Depths:1)
  34 bone dragons
  18 Brimstone Fiends
  2 electric golems (Zot:5)
  2 pearl dragons (Pan)
  30 doom hounds
  21 Tzitzimimeh
  12 iron giants
  20 Hell Sentinels
  2 spectral shard shrikes
  Jorgrun (Orc:2)
  23 Ice Fiends
  14 hellephants
  15 tentacled monstrosities
  15 tainted leviathans
  15 liches
  A walking crystal tome (Depths:4)
  A walking earthen tome (Abyss:7)
  7 quicksilver dragons
  Grunn (Zot:2)
  27 Orb Guardians
  9 titans
  2 deep elf master archers (Elf:3)
  27 Executioners
  21 acid blobs
  A walking divine tome (Depths:3)
  16 searing wretches
  2 walking frostbound tomes
  Frances (Snake:1)
  17 sphinxes
  10 tentacled starspawn
  32 ancient champions
  8 death cobs
  Aizul (Snake:1)
  13 storm dragons
  Roxanne (Elf:3)
  8 tengu reavers
  4 revenants
  Agnes (Elf:1)
  8 shadow dragons
  8 rockslimes
  10 azure jellies
  2 draconian monks
  24 fire giants
  5 nagarajas (Snake:4)
  14 narguns
  3 demonspawn warmongers (Pan)
  3 draconian knights
  The ghost of Couluus the Fighter, a journeyman MiBe of Trog (D:14)
  22 daevas
  14 frost giants
  3 deep elf sorcerers
  17 vault wardens
  Ilsuiw (Shoals:2)
  Louise (Snake:2)
  2 spectral juggernauts
  4 shard shrike simulacra
  45 balrugs
  4 draconian scorchers
  2 deep elf elementalists
  8 iron dragons
  17 quicksilver elementals
  2 ghost moths (Zot:5)
  21 ironbound preservers
  2 curse skulls (Pan)
  An orc warlord (Orc:1)
  3 ghouls
  28 cacodemons
  8 spectral caustic shrikes
  A juggernaut zombie (Crypt:3)
  3 draconian annihilators
  21 war gargoyles
  2 draconian stormcallers
  21 reapers
  25 angels
  6 demonspawn blood saints (Pan)
  17 ophanim (Pan)
  3 draconian shifters
  6 formless jellyfish
  3 demonspawn corrupters (Pan)
  11 quicksilver oozes
  32 very ugly things
  2 spriggan defenders (Depths:4)
  19 stone giants
  A caustic shrike skeleton (Crypt:3)
  5 green draconians
  31 apis (Pan)
  4 deep elf demonologists
  5 ironbound thunderhulks
  8 demonspawn black suns (Pan)
  18 putrid mouths
  13 lorocyprocas
  4 red draconians
  5 vampire knights
  4 minotaurs
  4 yellow draconians
  25 elemental wellsprings
  13 deep elf annihilators
  5 black draconians
  6 dire elephants
  9 bennus
  7 white draconians
  15 wendigos
  A spark wasp (shapeshifter) (Vaults:1)
  5 spark wasps
  Azrael (Snake:2)
  The ghost of Essalna the Destroyer, a journeyman TeFE of Vehumet (Lair:2)
  A bunyip (Abyss:7)
  15 statues
  19 eidola
  4 spectral quicksilver dragons
  3 spectral titans
  19 purple draconians
  4 merfolk javelineers
  6 jiangshi
  8 deep elf death magi
  3 crystal guardians (Crypt:3)
  16 green deaths
  16 iron golems
  6 merfolk impalers
  10 blizzard demons
  26 mummy priests
  7 spectral spriggans
  9 ettins
  2 spectral iron giants
  9 great orbs of eyes
  2 quicksilver dragon zombies
  The ghost of nordom the Basher, a journeyman MiFi of Okawaru (Orc:1)
  5 deep elf high priests
  3 fire dragons
  26 vault guards
  An entropy weaver (Vaults:4)
  12 yaktaur captains
  12 ice dragons
  A peacekeeper (Vaults:3)
  21 salamander tyrants
  4 hydras
  4 rakshasas
  A catoblepas (D:14)
  4 hell beasts
  5 spriggan air magi
  14 anacondas
  8 juggernaut simulacra
  3 spriggan skeletons
  11 caustic shrike simulacra
  11 satyrs
  10 two-headed ogres
  13 ironbound frosthearts
  2 spectral stone giants (Tar:3)
  7 deep troll shamans
  15 centaur warriors
  31 dancing weapons
  2 merfolk aquamancers (Shoals:1)
  9 stokers
  2 boulder beetles
  5 tengu warriors
  14 naga warriors
  51 death scarabs (Tomb:3)
  8 vampire magi
  40 thrashing horrors
  A fenstrider witch skeleton (Pan)
  Urug (D:14)
  5 orc high priests
  14 deep troll earth magi
  6 shock serpents
  2 spectral dire elephants
  26 hell hogs
  Sonja (Orc:1)
  18 soul eaters
  8 demonic crawlers
  10 hell knights
  Nergalle (Lair:2)
  8 spriggan berserkers
  6 naga sharpshooters
  10 deep elf knights
  91 sun demons
  A fire crab (shapeshifter) (Depths:3)
  6 crystal echidnas
  6 salamander mystics
  A bunyip zombie (Tomb:2)
  39 skeletal warriors
  4 skysharks
  A spectral death yak (Lair:5)
  25 sixfirhies
  4 spectral anacondas
  The ghost of Iramy the Thaumaturge, a novice DECj of the Shining One (Lair:3)
  18 wretched stars
  12 iron trolls
  8 sea snakes
  Lodul (D:14)
  A death drake (Tar:5)
  25 shadow wraiths
  2 spatial maelstroms (Abyss:3)
  9 deep elf archers
  4 quicksilver dragon simulacra
  7 glowing orange brains
  4 bog bodies
  3 golden dragon zombies
  18 cherubim (Pan)
  60 deep trolls
  9 phantasmal warriors
  16 wizards
  14 spriggan simulacra
  A spectral iron dragon (Tar:3)
  9 shadow demons
  4 flayed ghosts
  5 lindwurms
  An iron giant zombie (Crypt:2)
  27 deep elf zephyrmancers
  2 spectral hydras
  10 naga ritualists
  2 obsidian statues
  A shadow dragon skeleton (Abyss:1)
  A fenstrider witch simulacrum (Coc:2)
  11 harpies
  28 starcursed masses
  17 ironbound convokers
  2 spectral ettins
  13 necromancers
  7 cyclopes
  41 ugly things
  2 eleionoma zombies (Crypt:1)
  28 deep elf pyromancers
  6 orc sorcerers
  6 orc knights
  14 mana vipers
  20 fauns
  A tengu skeleton (Vaults:2)
  5 worldbinders
  An iron dragon skeleton (Crypt:2)
  29 salamanders
  4 human skeletons (Vaults:2)
  An oklob plant (Lair:3)
  12 manticores
  4 shining eyes
  A frost giant skeleton (Vaults:2)
  A toenail golem (D:12)
  5 merfolk sirens
  7 guardian serpents
  21 moths of wrath
  A spectral alligator snapping turtle (Tar:3)
  13 rust devils
  2 naga zombies
  5 water nymphs
  An ice statue (Lair:4)
  24 elephants
  Joseph (D:8)
  An elephant (shapeshifter) (Vaults:5)
  20 naga magi
  18 molten gargoyles
  4 stone giant skeletons
  21 vault sentinels
  39 black mambas
  39 orange demons
  A spectral centaur (Tar:1)
  An apocalypse crab (Abyss:5)
  A steelbarb worm zombie (Crypt:2)
  2 gargoyles (D:11)
  A centaur skeleton (Pan)
  69 smoke demons
  6 titan simulacra
  A sea snake zombie (Hell)
  A torpor snail (Lair:5)
  8 cane toads
  4 unseen horrors
  32 hellions
  2 elf skeletons (Vaults:2)
  A cane toad (shapeshifter) (Vaults:5)
  A rime drake (shapeshifter) (Depths:1)
  4 rime drakes
  A komodo dragon (shapeshifter) (Elf:1)
  Psyche (D:9)
  A minotaur skeleton (Pan)
  3 bunyip simulacra
  6 komodo dragons
  45 guardian mummies
  17 anaconda simulacra
  3 efreet
  21 tengu conjurers
  35 yaktaurs
  24 merfolk
  22 freezing wraiths
  2 queen bees (Lair:2)
  4 golden dragon simulacra
  2 unseen horror skeletons
  45 tormentors
  7 ice devils
  2 polar bears (Lair:4)
  7 red devils
  A harpy zombie (Crypt:3)
  9 spectral harpies
  A green draconian skeleton (Crypt:1)
  A purple draconian skeleton (Crypt:2)
  9 ancient zymes
  A sea snake skeleton (Hell)
  A hydra zombie (Tomb:3)
  2 yaktaur skeletons (Vaults:2)
  3 silent spectres
  16 hellwings
  3 meliai (D:14)
  8 trolls
  A shadow dragon simulacrum (Coc:1)
  5 hornets
  6 dream sheep
  Grinder (D:4)
  3 harpy skeletons
  4 iron dragon simulacra
  2 spectral elephants (Lair:5)
  12 blink frogs
  A boulder beetle zombie (Crypt:1)
  8 raiju
  6 wind drakes
  A stone giant simulacrum (Coc:1)
  An ettin zombie (Tomb:3)
  10 snapping turtles
  A dream sheep (shapeshifter) (Depths:3)
  A guardian serpent skeleton (Crypt:2)
  2 centaur simulacra
  40 flying skulls
  126 slime creatures
  11 water elementals
  2 air elementals (Elf:2)
  A black mamba zombie (Tomb:1)
  2 ice dragon skeletons
  9 wraiths
  2 ettin skeletons
  4 shadows
  A culicivora (shapeshifter) (Vaults:5)
  3 spriggans
  35 ynoxinuls
  9 dire elephant simulacra
  2 naga simulacra
  12 fire elementals
  A hog (shapeshifter) (Vaults:5)
  48 yaks
  An alligator skeleton (Hell)
  16 humans (D:14)
  7 golden eyes
  4 wyverns
  4 alligator snapping turtle simulacra
  A basilisk (Lair:5)
  2 redbacks (shapeshifter)
  12 ushabtiu
  19 chaos spawn
  25 neqoxecs
  5 sea snake simulacra (Hell)
  2 redbacks
  A death yak simulacrum (Lair:5)
  10 small abominations
  3 steam dragons
  7 vampire mosquitoes
  2 minotaur simulacra (Snake:2)
  Edmund (D:6)
  23 harpy simulacra
  4 spectral cane toads (Lair:5)
  3 wargs
  4 spatial vortices (Abyss:3)
  51 nagas
  6 hydra simulacra
  10 water moccasins
  25 hell hounds
  25 orc warriors
  A glowing shapeshifter skeleton (Vaults:2)
  10 ice beasts
  2 naga skeletons (Crypt:3)
  An elephant zombie (Lair:5)
  A sky beast (D:8)
  An ogre skeleton (Vaults:2)
  5 ettin simulacra
  5 black bears
  20 wolves
  53 large abominations
  A lindwurm skeleton (Crypt:2)
  An alligator simulacrum (IceCv)
  11 ogres
  16 centaurs
  A phantom (D:5)
  6 kobold brigands
  Blork the orc (D:4)
  16 bullfrogs
  3 deep troll simulacra
  8 necrophages
  2 scorpions
  11 wights
  A polar bear zombie (Crypt:2)
  33 killer bees
  2 lindwurm simulacra (IceCv)
  An electric eel (Lair:4)
  4 howler monkeys
  4 lava snakes (Snake:2)
  A quasit (Abyss:1)
  2 hounds
  2 jellies
  2 gnoll boudas
  10 orc priests
  An iron imp (Abyss:1)
  Ijyb (D:3)
  Natasha (thrice) (D:3)
  3 iguanas
  9 orc wizards
  A sleepcap (D:5)
  6 hell rats (Hell)
  31 mummies
  15 gnolls
  10 adders
  2 shadow imps
  4 white imps
  2 ufetubi
  A worm (D:2)
  3 dart slugs
  59 orcs
  5 bats
  5 endoplasms
  A giant cockroach (D:1)
  7 hobgoblins
  3 jackals (D:4)
  34 kobolds
  4 quokkas
  12 ball pythons
  A dart slug zombie (Crypt:1)
  12 goblins
  A rat (D:1)
  A ball lightning (Pan)
  5 creeping infernos
  3 fire vortices (Geh:6)
  8 starspawn tentacles
4361 creatures vanquished.

Vanquished Creatures (collateral kills)
  A dread lich (Vaults:5)
  A golden dragon (Vaults:5)
  A tentacled monstrosity (Vaults:5)
  A lich (Vaults:5)
  A titan (Vaults:5)
  2 deep elf blademasters (Elf:3)
  3 shadow dragons (Vaults:5)
  A tengu reaver (Vaults:5)
  A deep elf sorcerer (Elf:3)
  A fire giant (Vaults:5)
  A vault warden (Vaults:5)
  An iron dragon (Vaults:5)
  A deep elf elementalist (Elf:3)
  2 ironbound preservers (Vaults:5)
  A stone giant (Vaults:5)
  4 deep elf demonologists (Elf:3)
  4 deep elf annihilators (Elf:3)
  6 deep elf death magi
  2 deep elf high priests
  A yaktaur captain (Vaults:5)
  11 vault guards (Vaults:5)
  2 ogre magi (Vaults:5)
  3 two-headed ogres (Vaults:5)
  A hell knight (Vaults:5)
  A deep troll (Vaults:5)
  3 phantasmal warriors (Vaults:5)
  An ironbound convoker (Vaults:5)
  A necromancer (Vaults:5)
  A manticore (shapeshifter) (Vaults:5)
  An orc sorcerer (Vaults:5)
  A vault sentinel (Vaults:5)
  A culicivora (shapeshifter) (Vaults:5)
  2 orc warriors (Vaults:5)
  2 ogres (Vaults:5)
  An orc wizard (Vaults:5)
  An orc (Vaults:5)
69 creatures vanquished.

Vanquished Creatures (others)
  A shadow dragon (Depths:4)
  An ironbound preserver (Vaults:4)
  A deep elf annihilator (Depths:2)
  A red draconian (Zot:5)
  A wendigo (Coc:7)
  4 spark wasps (Depths:4)
  A lorocyproca (Pan)
  3 caustic shrike simulacra
  A rakshasa (Pan)
  A spriggan air mage (Depths:2)
  5 juggernaut simulacra
  A hydra (D:14)
  A shock serpent (Snake:4)
  A naga sharpshooter (Snake:3)
  A deep elf knight (Elf:1)
  A deep troll (Depths:4)
  4 spriggan simulacra
  2 wizards
  A spectral anaconda (Lair:5)
  5 harpies (Shoals:4)
  A deep elf zephyrmancer (Elf:2)
  3 manticores
  A faun (Shoals:4)
  A black mamba (Snake:4)
  A guardian serpent (Snake:4)
  An elephant (Lair:2)
  A titan simulacrum (Coc:7)
  A tengu conjurer (WizLab)
  A guardian mummy (Tomb:2)
  A hellwing (Pan)
  A merfolk (Shoals:4)
  2 meliai (D:14)
  A stone giant simulacrum (Coc:7)
  A ynoxinul (Pan)
  A spriggan (Depths:4)
  A large abomination (Abyss:7)
  A naga simulacrum (Coc:5)
  A chaos spawn (Pan)
  A harpy simulacrum (Coc:7)
  A naga (Snake:4)
  An orc wizard (Orc:2)
  A gnoll (D:9)
  2 orcs (Vaults:1)
  5 ball lightnings (Pan)
  A creeping inferno (Geh:7)
  A fire vortex (Geh:7)
  2 lurking horrors (Abyss:6)
  28 starspawn tentacles
101 creatures vanquished.

Grand Total: 4531 creatures vanquished

Notes
Turn   | Place    | Note
-------+----------+-------------------------------------------
     0 | D:1      | Bnni the Tengu Fighter began the quest for the Orb.
     0 | D:1      | Reached XP level 1. HP: 14/14 MP: 2/2
    94 | D:1      | Reached XP level 2. HP: 19/19 MP: 3/3
   555 | D:1      | Reached XP level 3. HP: 23/23 MP: 4/4
   849 | D:2      | Found a faded altar of an unknown god.
   978 | D:2      | Reached XP level 4. HP: 23/28 MP: 5/5
  1629 | D:2      | Gained mutation: Your magical nature lets you fly swiftly
                  | and evasively. [Tengu growth]
  1629 | D:2      | Reached XP level 5. HP: 25/32 MP: 6/6
  1819 | D:3      | Found a radiant altar of Vehumet.
  1886 | D:3      | Noticed Natasha
  1891 | D:3      | Killed Natasha
  1907 | D:3      | Noticed Ijyb
  1916 | D:3      | Killed Ijyb
  2190 | D:3      | Reached XP level 6. HP: 31/38 MP: 7/7
  2284 | D:3      | Noticed Natasha
  2290 | D:3      | Killed Natasha
  2470 | D:3      | Noticed Natasha
  2480 | D:3      | Killed Natasha
  2581 | D:3      | Reached skill level 5 in Shields
  2778 | D:4      | Reached skill level 5 in Long Blades
  2925 | D:4      | You are sucked into a shaft and drop 2 floors!
  2932 | D:5      | Entered Level 5 of the Dungeon
  2959 | D:5      | Reached XP level 7. HP: 42/44 MP: 8/8
  3020 | D:4      | Noticed Blork the orc
  3027 | D:4      | Killed Blork the orc
  3052 | D:4      | Noticed Grinder
  3180 | D:4      | Found a staircase to the Ecumenical Temple.
  3199 | Temple   | Entered the Ecumenical Temple
  3237 | Temple   | Became a worshipper of Elyvilon the Healer
  3446 | D:4      | Killed Grinder
  3447 | D:4      | Reached skill level 5 in Fighting
  3447 | D:4      | Reached skill level 1 in Invocations
  3670 | D:5      | Reached XP level 8. HP: 27/49 MP: 8/10
  3868 | D:5      | Reached * piety under Elyvilon
  4399 | D:6      | Found a sacrificial altar of Ru.
  4865 | D:6      | Reached XP level 9. HP: 55/55 MP: 12/12
  5008 | D:6      | Noticed Edmund
  5037 | D:6      | Killed Edmund
  5651 | D:7      | Found a stormy altar of Qazlal.
  5795 | D:7      | Reached skill level 10 in Long Blades
  6242 | D:8      | Noticed a boulder beetle
  6258 | D:8      | Killed a boulder beetle
  6259 | D:8      | Reached skill level 5 in Invocations
  6259 | D:8      | Reached XP level 10. HP: 36/64 MP: 14/14
  6554 | D:8      | Found an ornate altar of the Wu Jian Council.
  6577 | D:8      | Reached ** piety under Elyvilon
  7129 | D:8      | Noticed Joseph
  7141 | D:8      | Killed Joseph
  7400 | D:9      | Noticed a deep elf pyromancer
  7405 | D:9      | Killed a deep elf pyromancer
  7596 | D:9      | Noticed a two-headed ogre
  7860 | D:9      | Reached *** piety under Elyvilon
  7941 | D:9      | Reached XP level 11. HP: 32/69 MP: 16/16
  7996 | D:9      | Killed a two-headed ogre
  8264 | D:9      | Noticed Psyche
  8271 | D:9      | Killed Psyche
  8397 | D:9      | Noticed a two-headed ogre
  8405 | D:9      | Killed a two-headed ogre
  8616 | D:9      | Noticed a centaur warrior
  8623 | D:9      | Killed a centaur warrior
  8732 | D:9      | Noticed a centaur warrior
  8738 | D:9      | Killed a centaur warrior
  8836 | D:10     | Entered Level 10 of the Dungeon
  9135 | D:10     | Found Xeggil's Distillery.
  9139 | D:10     | Noticed a two-headed ogre
  9158 | D:10     | Killed a two-headed ogre
  9159 | D:10     | Reached skill level 10 in Fighting
  9283 | D:10     | Found a staircase to the Orcish Mines.
  9317 | D:10     | Found a shimmering altar of Xom.
  9318 | D:10     | Found a hide-covered altar of Uskayaw.
  9540 | D:10     | Reached XP level 12. HP: 70/78 MP: 19/19
  9644 | D:10     | Reached **** piety under Elyvilon
  9793 | D:10     | Found a bloodstained altar of Trog.
  9892 | D:11     | Found Evasury's Magic Scroll Emporium.
  9895 | D:11     | Noticed a boulder beetle
  9899 | D:11     | Pacified a boulder beetle
  9900 | D:11     | Reached skill level 1 in Dodging
  9930 | D:11     | Bought a scroll of identify for 30 gold pieces
  9930 | D:11     | Bought a scroll of identify for 30 gold pieces
  9930 | D:11     | Bought a scroll of noise for 15 gold pieces
  9981 | D:11     | Noticed a two-headed ogre
  9990 | D:11     | Killed a two-headed ogre
 10363 | D:11     | Found a transporter.
 10389 | D:11     | Found a staircase to the Lair.
 10733 | D:11     | Noticed a two-headed ogre
 10735 | D:11     | Noticed an ogre mage
 10735 | D:11     | Noticed a stone giant
 10736 | D:11     | Reached ***** piety under Elyvilon
 10737 | D:11     | Found a transporter.
 10737 | D:11     | Noticed an orc high priest
 11015 | D:12     | Noticed a two-headed ogre
 11016 | D:12     | Noticed a boulder beetle
 11022 | D:12     | Pacified a boulder beetle
 11025 | D:12     | Killed a two-headed ogre
 11802 | D:13     | Reached skill level 5 in Armour
 12150 | D:13     | Noticed a centaur warrior
 12158 | D:13     | Killed a centaur warrior
 12265 | D:13     | Reached skill level 10 in Invocations
 12737 | D:13     | Noticed a centaur warrior
 12743 | D:13     | Killed a centaur warrior
 12744 | D:13     | Reached XP level 13. HP: 84/84 MP: 21/21
 13015 | D:13     | Reached skill level 5 in Dodging
 13419 | D:14     | Found a radiant altar of Vehumet.
 14011 | D:14     | Noticed Lodul
 14018 | D:14     | Killed Lodul
 14041 | D:14     | Noticed Urug
 14058 | D:14     | Killed Urug
 14227 | D:14     | Found a gate to the Vaults.
 14257 | D:14     | Found a runed translucent door.
 14787 | D:14     | Found a runed translucent door.
 14789 | D:14     | Noticed Couluus's ghost (journeyman MiBe)
 14790 | D:14     | Noticed an ettin
 14790 | D:14     | Noticed a lich
 14977 | D:14     | Identified the +3 ring mail "Zegoyk" {MP+9 Int+2}
 15131 | D:15     | Entered Level 15 of the Dungeon
 15191 | D:15     | Reached XP level 14. HP: 53/92 MP: 24/24
 15414 | D:15     | Found a shimmering blue altar of Sif Muna.
 16414 | D:15     | Found a staircase to the Depths.
 16414 | D:15     | Noticed a stone giant
 16431 | D:15     | Killed a stone giant
 16613 | Lair:1   | Entered Level 1 of the Lair of Beasts
 17347 | Lair:2   | Noticed Nergalle
 17397 | Lair:2   | Killed Nergalle
 17814 | Lair:2   | Noticed Essalna's ghost (journeyman TeFE)
 17842 | Lair:2   | Found a transporter.
 18282 | Lair:2   | Found a staircase to the Shoals.
 18329 | Lair:2   | Found a transporter.
 18643 | Lair:2   | Killed Essalna's ghost
 18663 | Lair:2   | Identified the amulet "Usiu" {Reflect Fly Str+4 SH+5}
 18775 | Lair:3   | Found a runed translucent gate.
 18775 | Lair:3   | Found a runed translucent gate.
 18777 | Lair:3   | Found a runed translucent gate.
 18790 | Lair:3   | Noticed Iramy's ghost (novice DECj)
 18791 | Lair:3   | Identified the ring of Udin {Ice Str+2 Int+2 Dex+4}
 18846 | Lair:3   | Reached skill level 1 in Throwing
 19180 | Lair:3   | Found a dark tunnel.
 19188 | Volcano  | Entered a volcano
 19365 | Volcano  | Reached XP level 15. HP: 63/99 MP: 26/26
 20257 | Lair:3   | Found a staircase to the Snake Pit.
 20268 | Lair:3   | Identified a scroll of acquirement
 20269 | Lair:3   | Acquired 1126 gold pieces
 21093 | Lair:4   | Got the Information on Spooky Words and the Fifth Circle
 21105 | Lair:4   | Got Caiguom's Almanac of the Summoned Curse
 21123 | Lair:4   | Identified the +1 chain mail of Zyatsim {Str+3}
 21129 | Lair:4   | Acquired the +1 cloak of Foolhardiness {Rampage}
 21364 | Lair:4   | Reached skill level 10 in Armour
 21640 | Lair:5   | Entered Level 5 of the Lair of Beasts
 21904 | Lair:5   | Found a viscous altar of Jiyva.
 21904 | Lair:5   | Found a staircase to the Slime Pits.
 22282 | Lair:5   | Found the +0 mask of the Dragon {Will+ Slay+3 SInv}
 23582 | Lair:5   | Reached XP level 16. HP: 103/105 MP: 24/27
 24014 | Orc:1    | Entered Level 1 of the Orcish Mines
 24307 | Orc:1    | Found a runed translucent gate.
 24307 | Orc:1    | Found a runed translucent gate.
 24307 | Orc:1    | Found a runed translucent gate.
 24329 | Orc:1    | Found an iron altar of Okawaru.
 24329 | Orc:1    | Noticed nordom's ghost (journeyman MiFi)
 24336 | Orc:1    | Noticed Sonja
 24338 | Orc:1    | Killed Sonja
 24344 | Orc:1    | Paralysed by an orc sorcerer for 4 turns
 24729 | Orc:1    | Reached skill level 10 in Dodging
 24758 | Orc:1    | Killed nordom's ghost
 24981 | Orc:1    | Identified the +4 ring mail of Disguise {Dex+6 Stlth-}
 25021 | Orc:2    | Entered Level 2 of the Orcish Mines
 25021 | Orc:2    | Found a staircase to the Elven Halls.
 25021 | Orc:2    | Found Ifidenkooc's General Store.
 25295 | Orc:2    | Reached skill level 5 in Throwing
 25440 | Orc:2    | Found Hisheino's Antique Armour Boutique.
 25913 | Orc:2    | Found a shimmering altar of Xom.
 26024 | Orc:2    | Found Goisko's Jewellery Emporium.
 26026 | Orc:2    | Noticed Jorgrun
 26066 | Orc:2    | Killed Jorgrun
 26363 | Orc:2    | Found Keikoy's Antique Weapon Shop.
 26592 | Snake:1  | Entered Level 1 of the Snake Pit
 26805 | Lair:3   | Killed Iramy's ghost
 27145 | Snake:1  | Found Loko's Assorted Antiques.
 27147 | Snake:1  | Found Fiupofim's Antique Weapon Emporium.
 27149 | Snake:1  | Found Taar's Assorted Antiques.
 27404 | Snake:1  | Found a transporter.
 27407 | Snake:1  | Found a transporter.
 27423 | Snake:1  | Found a transporter.
 27425 | Snake:1  | Found a transporter.
 27432 | Snake:1  | Reached skill level 15 in Invocations
 27828 | Snake:1  | Noticed Frances
 27851 | Snake:1  | Killed Frances
 27878 | Snake:1  | Reached skill level 10 in Shields
 27878 | Snake:1  | Reached XP level 17. HP: 55/111 MP: 24/29
 28062 | Snake:1  | Found a transporter.
 28063 | Snake:1  | Found a transporter.
 28313 | Snake:1  | Noticed Aizul
 28335 | Snake:1  | Killed Aizul
 29157 | Snake:2  | Found a frozen archway.
 29294 | IceCv    | Entered an ice cave
 29541 | IceCv    | Noticed a lich
 29552 | IceCv    | Killed a lich
 29781 | IceCv    | Got Sif Muna's Almanac of the Loathsome Iceberg
 30168 | IceCv    | Found an ancient bone altar of Kikubaaqudgha.
 30848 | Snake:2  | Noticed Azrael
 30965 | Snake:2  | Noticed Louise
 30981 | Snake:2  | Killed Louise
 32050 | Snake:2  | Found Jeodd's Book Shop.
 32540 | Snake:2  | Killed Azrael
 33120 | Snake:3  | Reached XP level 18. HP: 118/118 MP: 30/30
 33937 | Snake:4  | Entered Level 4 of the Snake Pit
 34325 | Snake:4  | Reached skill level 15 in Fighting
 34325 | Snake:4  | Reached skill level 15 in Long Blades
 34495 | Snake:4  | Found a shimmering blue altar of Sif Muna.
 36182 | Snake:4  | Got a serpentine rune of Zot
 36392 | Shoals:1 | Entered Level 1 of the Shoals
 36826 | Shoals:1 | Found Zogeqese's Visitors' Centre.
 36830 | Shoals:1 | Found Zogeqese's Merfolk Weapons.
 36850 | Shoals:1 | Reached XP level 19. HP: 123/124 MP: 32/32
 36864 | Shoals:1 | Found Zogeqese's Merfolk Magic.
 36864 | Shoals:1 | Found Zogeqese's Merfolk Armours.
 36892 | Shoals:1 | Bought a phial of floods for 480 gold pieces
 36951 | Shoals:1 | Reached XP level 20. HP: 129/129 MP: 33/33
 37821 | Shoals:2 | Noticed Ilsuiw
 37832 | Shoals:2 | Killed Ilsuiw
 37967 | Shoals:2 | Found Qypin's Armour Shop.
 38022 | Shoals:2 | Found Mefeim's Antique Weapon Shoppe.
 38204 | Shoals:2 | Found Rostam's Dragon-Slaying Spoils.
 38211 | Shoals:2 | Bought +0 pearl dragon scales for 1600 gold pieces
 38440 | Shoals:2 | Found Atowk's One-of-a-Kind Rings.
 38445 | Shoals:2 | Bought the ring "Suvunk" {rElec rCorr Slay+3} for 512 gold
                  | pieces
 38456 | Shoals:2 | Bought the ring "Wookum" {rPois rF+ Str+3} for 443 gold
                  | pieces
 39520 | Shoals:3 | Found Vosogic's Magic Scroll Shop.
 39584 | Shoals:3 | Bought 2 scrolls of acquirement for 1664 gold pieces
 39584 | Shoals:3 | Acquired the +10 zealot's sword {holy, Zealotry, *Rage rN+
                  | EV+3}
 39584 | Shoals:3 | Found the +10 zealot's sword {holy, Zealotry, *Rage rN+
                  | EV+3}
 39587 | Shoals:3 | Acquired 1167 gold pieces
 39601 | Shoals:3 | Bought a scroll of identify for 32 gold pieces
 39601 | Shoals:3 | Bought a scroll of identify for 32 gold pieces
 39601 | Shoals:3 | Bought a scroll of identify for 32 gold pieces
 39604 | Shoals:3 | Bought a scroll of identify for 32 gold pieces
 39893 | Shoals:4 | Entered Level 4 of the Shoals
 40889 | Shoals:4 | Got a barnacled rune of Zot
 40923 | Shoals:4 | Got the Lessons on the Swarm
 41536 | Depths:1 | Entered Level 1 of the Depths
 41559 | Depths:1 | Found a gateway to Hell.
 42054 | Depths:1 | Noticed Norris
 42071 | Depths:1 | Killed Norris
 42903 | Depths:1 | Reached XP level 21. HP: 133/136 MP: 34/34
 43323 | Depths:2 | Found a one-way gate leading to the halls of Pandemonium.
 43443 | Depths:2 | Reached skill level 15 in Shields
 43560 | Depths:2 | Found a broken altar of Ashenzari.
 44297 | Depths:2 | Found a radiant altar of Vehumet.
 44297 | Depths:2 | Noticed Boris
 44309 | Depths:2 | Killed Boris
 44602 | Depths:2 | Found the +8 frozen axe "Frostbite" {freeze, freezing
                  | cloud, *Noise Fly rC+}
 44620 | Depths:2 | Identified the +6 short sword of the Boiling Point {holy,
                  | rC+ Int+5}
 45596 | D:11     | Bought a scroll of enchant armour for 112 gold pieces
 46026 | Depths:3 | Noticed Sojobo
 46051 | Depths:3 | Killed Sojobo
 46883 | Depths:3 | Noticed a golden dragon
 46894 | Depths:3 | Killed a golden dragon
 47104 | Depths:3 | Found a one-way gateway to a ziggurat.
 47288 | Depths:3 | Noticed a golden dragon
 47306 | Depths:3 | Killed a golden dragon
 47639 | Depths:3 | Identified the ring "Bomoddoz" {*Slow rPois rCorr Int+4}
 47660 | Depths:3 | Noticed a golden dragon
 47678 | Depths:3 | Killed a golden dragon
 47849 | Depths:3 | Got Puurisk's Textbook on Nephomancy
 47897 | Depths:3 | Found a one-way gate to the infinite horrors of the Abyss.
 47938 | Depths:3 | Reached XP level 22. HP: 144/144 MP: 35/35
 48530 | Depths:3 | Reached skill level 10 in Throwing
 48711 | Depths:3 | Identified the +0 dagger "Ycsurott" {speed, rElec Str+4
                  | Int+2}
 49240 | Depths:4 | Entered Level 4 of the Depths
 49287 | Depths:4 | Noticed a caustic shrike
 49288 | Depths:4 | Pacified a caustic shrike
 49301 | Depths:4 | Noticed a caustic shrike
 49305 | Depths:4 | Pacified a caustic shrike
 49306 | Depths:4 | Noticed a caustic shrike
 49310 | Depths:4 | Pacified a caustic shrike
 49314 | Depths:4 | Found a blossoming altar of Fedhas.
 49318 | Depths:4 | Identified the ring "Bupiek" {rPois rN+ Str+2}
 49319 | Depths:4 | Noticed a caustic shrike
 49324 | Depths:4 | Pacified a caustic shrike
 49362 | Depths:4 | Reached skill level 15 in Armour
 49378 | Depths:4 | HP: 7/144 [sphinx (6)]
 50413 | Depths:4 | Noticed a golden dragon
 50414 | Depths:4 | Pacified a golden dragon
 50614 | Depths:4 | Found a gate to the Realm of Zot.
 51357 | Vaults:1 | Entered Level 1 of the Vaults
 51380 | Vaults:1 | Found a magical portal.
 51389 | WizLab   | Entered Iskenderun's Mystic Tower
 51666 | WizLab   | Reached skill level 15 in Dodging
 51954 | WizLab   | Reached XP level 23. HP: 150/150 MP: 37/37
 52149 | WizLab   | Got Iskenderun's Papyrus of Blows
 52610 | Vaults:1 | Found Sues's Magic Scroll Shoppe.
 52797 | Vaults:1 | Noticed Saint Roka
 52818 | Vaults:1 | Killed Saint Roka
 53553 | Vaults:1 | Got the Directory of Hindering Dislocation
 54575 | Vaults:2 | Found a staircase to the Crypt.
 55063 | Vaults:2 | Found Qobb's Magic Scroll Boutique.
 55069 | Vaults:2 | Bought a scroll of revelation for 97 gold pieces
 55398 | Vaults:2 | Identified the +1 ring mail of Ugaohob {rN+ Dex+2}
 55521 | Vaults:2 | Found a runed translucent door.
 56847 | Vaults:3 | Reached XP level 24. HP: 128/157 MP: 37/37
 56983 | Vaults:3 | Found Nedyad's Distillery.
 56987 | Vaults:3 | Bought 2 potions of heal wounds for 220 gold pieces
 57390 | Vaults:3 | Identified the +0 cloak "Quefag" {rF+++ Regen+ rCorr Str-2}
 58024 | Vaults:4 | Learned a level 1 spell: Apportation
 58027 | Vaults:4 | Learned a level 2 spell: Blink
 58030 | Vaults:4 | Learned a level 2 spell: Lesser Beckoning
 58035 | Vaults:4 | Learned a level 4 spell: Manifold Assault
 58102 | Vaults:4 | Found Uqaogiha's Distillery.
 58109 | Vaults:4 | Bought a potion of heal wounds for 95 gold pieces
 58138 | Vaults:4 | Found a transporter.
 58145 | Vaults:4 | Noticed Utal's ghost (veteran TrSh)
 58153 | Vaults:4 | Found a transporter.
 58198 | Vaults:4 | Killed Utal's ghost
 58307 | Vaults:4 | Noticed Boris
 58323 | Vaults:4 | Killed Boris
 58786 | Vaults:4 | Reached ****** piety under Elyvilon
 59316 | Hell     | Entered the Vestibule of Hell
 59316 | Hell     | Noticed Geryon
 59498 | Hell     | Killed Geryon
 59886 | Hell     | Found a gateway to the ashen valley of Gehenna.
 59902 | Hell     | Reached XP level 25. HP: 151/164 MP: 37/37
 60154 | Hell     | Found a gateway to the decaying netherworld of Tartarus.
 60322 | Hell     | Found a gateway to the freezing wastes of Cocytus.
 60383 | Hell     | Found a gateway to the Iron City of Dis.
 60806 | Temple   | Fell from the grace of Elyvilon
 60806 | Temple   | Became a worshipper of the Shining One
 60806 | Temple   | Reached * piety under the Shining One
 60806 | Temple   | Reached ** piety under the Shining One
 61077 | Crypt:1  | Entered Level 1 of the Crypt
 61090 | Crypt:1  | Reached *** piety under the Shining One
 61220 | Crypt:1  | Reached **** piety under the Shining One
 61372 | Crypt:1  | Reached ***** piety under the Shining One
 62479 | Crypt:2  | Reached ****** piety under the Shining One
 63110 | Crypt:3  | Entered Level 3 of the Crypt
 63299 | Crypt:3  | Reached skill level 15 in Throwing
 63458 | Crypt:3  | Found a staircase to the Tomb.
 63475 | Crypt:3  | Identified the +1 robe "Vunutul" {rCorr}
 63735 | Crypt:3  | Noticed a dread lich
 63756 | Crypt:3  | Killed a dread lich
 64245 | Crypt:3  | Found a basalt altar of Yredelemnul.
 64440 | Crypt:3  | Identified a +5 eudemon blade of holy wrath (a +3 demon
                  | blade blessed by the Shining One)
 64440 | Crypt:3  | Received a gift from the Shining One
 64818 | Slime:1  | Entered Level 1 of the Pits of Slime
 65006 | Slime:3  | Reached XP level 26. HP: 141/172 MP: 38/38
 65321 | Slime:1  | Gained mutation: Armour fits poorly on your strangely
                  | shaped body. [a shining eye]
 65324 | Slime:1  | Lost mutation: Armour fits poorly on your strangely shaped
                  | body. [a shining eye]
 66140 | Elf:1    | Entered Level 1 of the Elven Halls
 66217 | Elf:1    | Noticed Agnes
 66226 | Elf:1    | Killed Agnes
 67401 | Elf:2    | Found a runed translucent gate.
 67402 | Elf:2    | Found a runed translucent gate.
 67403 | Elf:2    | Found a runed translucent gate.
 67488 | Elf:2    | Found Suymoom's Antique Weapon Shop.
 67610 | Elf:2    | Reached skill level 1 in Translocations
 67776 | Elf:2    | Paralysed by an air elemental for 1 turns
 67864 | Elf:3    | Entered Level 3 of the Elven Halls
 67908 | Elf:3    | Found Hekeud's Book Boutique.
 67914 | Elf:3    | Bought a book of the Hunter for 364 gold pieces
 67918 | Elf:3    | Learned a level 3 spell: Portal Projectile
 67959 | Elf:3    | Reached skill level 1 in Spellcasting
 68096 | Elf:3    | Noticed Roxanne
 68106 | Elf:3    | Killed Roxanne
 68671 | Elf:3    | Identified the +9 shortbow "Zoddumei" {freeze, Fragile
                  | rCorr Dex+3}
 68679 | Elf:3    | Found the +10 tower shield of Ignorance {rN+ Int-4}
 68707 | Elf:3    | Found the +15 Maxwell's patent armour {-Cast -Tele rElec
                  | Will+ rCorr}
 68723 | Elf:3    | Identified the +1 orcbow "Kihaashrog" {drain, rElec MP-9
                  | Str+7}
 69252 | Vaults:5 | Entered Level 5 of the Vaults
 69395 | Vaults:5 | Noticed a dread lich
 69505 | Vaults:5 | Reached XP level 27. HP: 173/179 MP: 35/38
 69518 | Vaults:5 | Identified the +7 short sword of Totzywn {pain, Will+
                  | Dex+3}
 69520 | Vaults:5 | Identified the +1 plate armour "Ratuing" {rPois rC- Str+9
                  | Dex-4}
 69706 | Vaults:5 | Reached skill level 5 in Translocations
 69712 | Vaults:5 | Identified the +4 chain mail "Put Worr" {Contam rC++}
 69726 | Vaults:5 | Killed a dread lich
 69735 | Vaults:5 | Noticed a dread lich
 69753 | Vaults:5 | Killed a dread lich
 70244 | Vaults:5 | Got a silver rune of Zot
 70364 | Vaults:5 | Identified the +4 trident "Killer Klown's Bane" {pain, rF+
                  | Will+}
 70612 | Vaults:5 | Identified the amulet "Pyimo" {rF+ Regen+ Str+6}
 71180 | Temple   | Fell from the grace of the Shining One
 71180 | Temple   | Became a worshipper of Zin the Law-Giver
 71180 | Temple   | Reached * piety under Zin
 71180 | Temple   | Reached ** piety under Zin
 71180 | Temple   | Reached *** piety under Zin
 71180 | Temple   | Reached **** piety under Zin
 71180 | Temple   | Reached ***** piety under Zin
 71835 | Slime:5  | Entered Level 5 of the Pits of Slime
 72085 | Slime:5  | Noticed the Royal Jelly
 72098 | Slime:5  | Found a viscous altar of Jiyva.
 72100 | Slime:5  | Found the +13 scythe of Curses {drain, curses, Drain}
 72123 | Slime:5  | Killed the Royal Jelly
 72228 | Slime:5  | Identified the +8 short sword of Poverty {drain, rElec
                  | rPois rC+}
 72251 | Slime:5  | Reached ****** piety under Zin
 72258 | Slime:5  | Identified the +7 triple crossbow of the Piercing Moth
                  | {heavy, Dex+2}
 72289 | Slime:5  | Got a slimy rune of Zot
 72875 | Depths:3 | Voluntarily entered the Abyss.
 72921 | Abyss:1  | Found a corrupted altar of Lugonu.
 73212 | Abyss:2  | Found a corrupted altar of Lugonu.
 73213 | Abyss:2  | Found a corrupted altar of Lugonu.
 73213 | Abyss:2  | Noticed a dread lich
 73222 | Abyss:2  | Killed a dread lich
 73230 | Abyss:2  | Found a corrupted altar of Lugonu.
 73230 | Abyss:2  | Found a corrupted altar of Lugonu.
 73231 | Abyss:2  | Found a corrupted altar of Lugonu.
 73269 | Abyss:3  | Found a corrupted altar of Lugonu.
 73276 | Abyss:3  | Found a corrupted altar of Lugonu.
 73430 | Abyss:3  | Found a corrupted altar of Lugonu.
 73438 | Abyss:3  | Found a corrupted altar of Lugonu.
 73638 | Abyss:3  | Paralysed by accursed screaming for 1 turns
 73660 | Abyss:3  | Got an abyssal rune of Zot
 73713 | Depths:3 | Escaped the Abyss
 73927 | Geh:1    | Entered Level 1 of Gehenna
 74295 | Geh:2    | You are sucked into a shaft and drop 2 floors!
 75100 | Geh:7    | Entered Level 7 of Gehenna
 75778 | Geh:7    | Reached skill level 10 in Translocations
 76114 | Geh:7    | Found the +13 sceptre of Asmodeus
 76114 | Geh:7    | Noticed Asmodeus
 76130 | Geh:7    | Killed Asmodeus
 76137 | Geh:7    | Got an obsidian rune of Zot
 76345 | Hell     | Upgraded the game from 0.31-a0-437-g7cee417757 to
                  | 0.31-a0-479-g91c9547826
 76373 | Tar:1    | Entered Level 1 of Tartarus
 76669 | Tar:2    | Reached skill level 1 in Hexes
 77631 | Tar:5    | Found a huge runed gate.
 77631 | Tar:5    | Found a huge runed gate.
 77779 | Tar:5    | Found a huge runed gate.
 77779 | Tar:5    | Found a huge runed gate.
 77779 | Tar:5    | Found a huge runed gate.
 77780 | Tar:5    | Found a huge runed gate.
 77780 | Tar:5    | Found a huge runed gate.
 77781 | Tar:5    | Found a huge runed gate.
 77782 | Tar:5    | Found a huge runed gate.
 77785 | Tar:5    | Found a huge runed gate.
 77785 | Tar:5    | Found a huge runed gate.
 77785 | Tar:5    | Found a huge runed gate.
 77785 | Tar:5    | Found a huge runed gate.
 77785 | Tar:5    | Found a huge runed gate.
 77785 | Tar:5    | Found a huge runed gate.
 77786 | Tar:5    | Found a huge runed gate.
 77787 | Tar:5    | Found a huge runed gate.
 77788 | Tar:5    | Found a huge runed gate.
 77797 | Tar:5    | Found a huge runed gate.
 77797 | Tar:5    | Found a huge runed gate.
 77797 | Tar:5    | Found a huge runed gate.
 77797 | Tar:5    | Found a huge runed gate.
 77797 | Tar:5    | Found a huge runed gate.
 77797 | Tar:5    | Found a huge runed gate.
 77798 | Tar:5    | Found a huge runed gate.
 77917 | Tar:5    | Found a huge runed gate.
 77918 | Tar:5    | Found a huge runed gate.
 77926 | Tar:5    | Found a huge runed gate.
 77926 | Tar:5    | Found a huge runed gate.
 77926 | Tar:5    | Found a huge runed gate.
 77933 | Tar:5    | Found a huge runed gate.
 77942 | Tar:5    | Found a huge runed gate.
 77942 | Tar:5    | Found a huge runed gate.
 77942 | Tar:5    | Found a huge runed gate.
 77945 | Tar:5    | Found a huge runed gate.
 77945 | Tar:5    | Found a huge runed gate.
 78549 | Tar:7    | Entered Level 7 of Tartarus
 79036 | Tar:7    | Noticed a dread lich
 79037 | Tar:7    | Noticed a dread lich
 79041 | Tar:7    | Killed a dread lich
 79048 | Tar:7    | Killed a dread lich
 79054 | Tar:7    | Identified the amulet of Syndicalism {RegenMP Int+2}
 79057 | Tar:7    | Identified the +5 shortbow of the Wary Places {antimagic,
                  | Dex+4}
 79059 | Tar:7    | Identified the staff "Qoagu Cue" {rN+ MP+9 Conj}
 79060 | Tar:7    | Identified the staff of Melee {rF+ Str+3 Conj}
 79213 | Tar:7    | Noticed an ancient lich
 79214 | Tar:7    | Noticed a dread lich
 79220 | Tar:7    | Killed an ancient lich
 79225 | Tar:7    | Killed a dread lich
 79376 | Tar:7    | Noticed the Serpent of Hell
 79391 | Tar:7    | Killed the Serpent of Hell
 79775 | Tar:7    | Noticed Ereshkigal
 79809 | Tar:7    | Killed Ereshkigal
 80087 | Tar:7    | Got a bone rune of Zot
 80279 | Dis:1    | Entered Level 1 of the Iron City of Dis
 80421 | Dis:1    | HP: 8/186 [iron golem (24)]
 81306 | Dis:3    | You are sucked into a shaft and drop 3 floors!
 81597 | Dis:7    | Entered Level 7 of the Iron City of Dis
 82510 | Dis:7    | Noticed a juggernaut
 82527 | Dis:7    | Killed a juggernaut
 82735 | Dis:7    | Reached skill level 15 in Translocations
 83130 | Dis:7    | Noticed a juggernaut
 83146 | Dis:7    | Killed a juggernaut
 83190 | Dis:7    | Identified the +1 robe of Uvemm {Dex+3}
 83191 | Dis:7    | Identified the +5 short sword "Grim Tooth" {freeze, rElec
                  | rN+ Int-5}
 83480 | Dis:7    | Identified the ring "Ichahul" {rN+ AC+4 Dex+3}
 83668 | Dis:7    | Noticed a juggernaut
 83689 | Dis:7    | Killed a juggernaut
 83803 | Dis:7    | Noticed Dispater
 83830 | Dis:7    | Killed Dispater
 83838 | Dis:7    | Got an iron rune of Zot
 83855 | Dis:7    | Got the Cyclopedia of Virulent Transmogrification
 84157 | Zot:1    | Entered Level 1 of the Realm of Zot
 84385 | Zot:1    | Found the +4 dragonskin cloak
 84385 | Zot:1    | Noticed Tiamat
 84446 | Zot:1    | Killed Tiamat
 84765 | Zot:1    | Noticed an orb of fire
 84778 | Zot:1    | Killed an orb of fire
 84791 | Zot:1    | Identified the +1 war axe "Mud Pie of Death" {heavy, rF+}
 84795 | Zot:1    | Noticed an orb of fire
 84809 | Zot:1    | Killed an orb of fire
 85093 | Zot:1    | You are sucked into a shaft and drop 1 floor!
 85444 | Zot:2    | Noticed Grunn
 85541 | Zot:2    | Killed Grunn
 86965 | Zot:4    | Noticed an orb of fire
 86984 | Zot:4    | Killed an orb of fire
 87373 | Zot:4    | Reached skill level 27 in Invocations
 87654 | Zot:5    | Entered Level 5 of the Realm of Zot
 88179 | Zot:5    | Learned a level 4 spell: Passage of Golubria
 88461 | Coc:1    | Entered Level 1 of Cocytus
 89871 | Coc:5    | Paralysed by a wendigo for 1 turns
 90327 | Coc:7    | Entered Level 7 of Cocytus
 90338 | Coc:7    | Paralysed by a wendigo for 1 turns
 90447 | Coc:7    | Paralysed by a wendigo for 1 turns
 90527 | Coc:7    | Noticed an ancient lich
 90534 | Coc:7    | Killed an ancient lich
 90846 | Coc:7    | Paralysed by a wendigo for 1 turns
 91329 | Coc:7    | Noticed Antaeus
 91350 | Coc:7    | Killed Antaeus
 91364 | Coc:7    | Got an icy rune of Zot
 91375 | Coc:7    | Identified the +0 chain mail of Gethra {rElec rC+}
 91799 | Pan      | Entered Pandemonium
 92071 | Pan      | Noticed Jannuink the pandemonium lord
 92083 | Pan      | Killed Jannuink the pandemonium lord
 92896 | Pan      | Got a demonic rune of Zot
 92897 | Pan      | Noticed Laxzeusamm the pandemonium lord
 92903 | Pan      | Killed Laxzeusamm the pandemonium lord
 93239 | Pan      | Identified the +5 hand axe of Wiruuluk {heavy, Dex+2}
 93836 | Pan      | Noticed Adebboti the pandemonium lord
 93846 | Pan      | Killed Adebboti the pandemonium lord
 94647 | Pan      | Found a white marble altar of Elyvilon.
 95309 | Pan      | Found a glowing silver altar of Zin.
 95318 | Pan      | Learned a level 3 spell: Vhi's Electric Charge
 95454 | Pan      | Reached skill level 1 in Air Magic
 96125 | Pan      | Reached skill level 5 in Air Magic
 96331 | Pan      | Noticed a seraph
 96334 | Pan      | Found a glowing golden altar of the Shining One.
 96340 | Pan      | Killed a seraph
 96379 | Pan      | Got the Secrets of Earth
 96712 | Depths:2 | Escaped Pandemonium
 96714 | Pan      | Entered Pandemonium
 96840 | Pan      | Learned a level 3 spell: Swiftness
 96874 | Pan      | Entered the realm of Cerebov.
 97596 | Pan      | Identified the ring "Ycyonuv" {rC+ Str+3}
 97689 | Pan      | Found the +6 sword of Cerebov {flame}
 97689 | Pan      | Noticed Cerebov
 97723 | Pan      | Killed Cerebov
 97756 | Pan      | Identified the +0 ring mail of Greed {rC++ Int-3 Dex+2
                  | Stlth+}
 97757 | Pan      | Identified the amulet "Jaluah" {RegenMP rF++ Str+4 Dex-2}
 97790 | Pan      | Identified the +2 leather armour of Yskokese {Regen+ Str+2}
 97826 | Pan      | Identified the +3 war axe of Xirikashu {spect, Dex+3}
 97829 | Pan      | Identified the amulet "Pagixat" {RegenMP Rampage rPois
                  | Dex-3 Stlth+}
 97838 | Pan      | Got a fiery rune of Zot
 98206 | Pan      | Noticed Lemulos the pandemonium lord
 98226 | Pan      | Killed Lemulos the pandemonium lord
 98576 | Pan      | Noticed Wyothreo the pandemonium lord
 98583 | Pan      | Killed Wyothreo the pandemonium lord
 98805 | Pan      | Found an exit through the horrors of the Abyss.
 98969 | Pan      | Entered the realm of Lom Lobon.
 99075 | Pan      | Found an exit through the horrors of the Abyss.
 99529 | Pan      | Noticed Lom Lobon
 99558 | Pan      | Killed Lom Lobon
 99651 | Pan      | Got a magical rune of Zot
 99861 | Pan      | Entered the realm of Gloorx Vloq.
 99994 | Pan      | Noticed Gloorx Vloq
100005 | Pan      | Killed Gloorx Vloq
100144 | Pan      | Got a dark rune of Zot
100246 | Pan      | Found an exit through the horrors of the Abyss.
100753 | Depths:2 | Escaped Pandemonium
100755 | Pan      | Entered the realm of Mnoleg.
100755 | Pan      | Entered Pandemonium
101042 | Pan      | Noticed Mnoleg
101062 | Pan      | Killed Mnoleg
101090 | Pan      | Reached skill level 27 in Dodging
101229 | Pan      | Got a glowing rune of Zot
101647 | Pan      | Noticed Yginn the pandemonium lord
101662 | Pan      | Killed Yginn the pandemonium lord
102183 | Pan      | Noticed Kyf Ular the pandemonium lord
102202 | Pan      | Killed Kyf Ular the pandemonium lord
102486 | Pan      | Noticed Vufohan the pandemonium lord
102492 | Pan      | Killed Vufohan the pandemonium lord
102569 | Pan      | Found an exit through the horrors of the Abyss.
102580 | Pan      | Took an exit into the Abyss.
102580 | Abyss:3  | Escaped into the Abyss
102589 | Depths:2 | Escaped the Abyss
102920 | Tomb:1   | Entered Level 1 of the Tomb of the Ancients
103113 | Tomb:1   | Noticed a royal mummy
103120 | Tomb:1   | Killed a royal mummy
103122 | Tomb:1   | Noticed a royal mummy
103177 | Tomb:1   | Reached skill level 27 in Fighting
103334 | Tomb:1   | Killed a royal mummy
103436 | Tomb:1   | Found the amulet of Vitality {RegenMP++ Regen++}
103546 | Tomb:2   | Noticed a royal mummy
103546 | Tomb:2   | Noticed a royal mummy
103552 | Tomb:2   | Killed a royal mummy
103555 | Tomb:2   | Noticed a royal mummy
103555 | Tomb:2   | Noticed a royal mummy
103612 | Tomb:1   | Noticed a royal mummy
103614 | Tomb:1   | Noticed a royal mummy
103619 | Tomb:1   | Killed a royal mummy
103623 | Tomb:1   | Killed a royal mummy
103757 | Tomb:1   | Noticed a royal mummy
103766 | Tomb:1   | Killed a royal mummy
103776 | Tomb:1   | Noticed a royal mummy
103796 | Tomb:1   | Noticed a royal mummy
103798 | Tomb:1   | Noticed a royal mummy
103802 | Tomb:1   | Killed a royal mummy
103808 | Tomb:1   | Killed a royal mummy
103820 | Tomb:1   | Killed a royal mummy
103888 | Tomb:1   | Noticed a royal mummy
103896 | Tomb:1   | Killed a royal mummy
103934 | Tomb:1   | Noticed a royal mummy
103934 | Tomb:1   | Noticed a royal mummy
103935 | Tomb:1   | Noticed a royal mummy
103949 | Tomb:1   | Killed a royal mummy
103953 | Tomb:1   | Killed a royal mummy
103956 | Tomb:1   | Killed a royal mummy
104353 | Tomb:3   | Entered Level 3 of the Tomb of the Ancients
104353 | Tomb:3   | Noticed Mennas
104373 | Tomb:3   | Killed Mennas
104376 | Tomb:3   | Noticed a royal mummy
104376 | Tomb:3   | Noticed a royal mummy
104398 | Tomb:3   | Killed a royal mummy
104413 | Tomb:3   | Killed a royal mummy
104428 | Tomb:3   | Noticed a royal mummy
104434 | Tomb:3   | Killed a royal mummy
104441 | Tomb:3   | Noticed a royal mummy
104451 | Tomb:3   | Killed a royal mummy
104451 | Tomb:3   | Noticed a royal mummy
104453 | Tomb:3   | Noticed a royal mummy
104535 | Tomb:3   | Noticed a royal mummy
104537 | Tomb:3   | Noticed a royal mummy
104543 | Tomb:3   | Killed a royal mummy
104557 | Tomb:3   | Killed a royal mummy
104573 | Tomb:3   | Found the +2 Maxwell's thermic engine {flame, freeze, rev}
104581 | Tomb:3   | Killed a royal mummy
104597 | Tomb:3   | Killed a royal mummy
104603 | Tomb:3   | Reached skill level 27 in Throwing
104611 | Tomb:3   | Noticed a royal mummy
104616 | Tomb:3   | Killed a royal mummy
104777 | Tomb:3   | Identified the +4 orcbow "Utupil Xiyma" {antimagic, *Slow
                  | rPois rN++ Str+3}
104778 | Tomb:3   | Identified the +7 short sword of the Eel {flame, Will+}
104780 | Tomb:3   | Identified the +1 spear of Gozag's Respect {flame, Will-
                  | Dex+4}
104788 | Tomb:3   | Identified the +9 rapier "Zeud" {chaos, MP+9 Str+3 Int+3
                  | Stlth-}
104813 | Tomb:3   | Identified the amulet of Sophism {Faith Str+3 Dex+5}
104819 | Tomb:3   | Identified the +0 pair of boots "Rydaxt" {rPois Str-5
                  | Slay+2}
104837 | Tomb:3   | Identified the +6 broad axe of Indomitability {flame, rC+}
105234 | Tomb:3   | Got a golden rune of Zot
105809 | Depths:3 | Voluntarily entered the Abyss.
105958 | Abyss:4  | Found a broken altar of Ashenzari.
105971 | Abyss:4  | Found a corrupted altar of Lugonu.
105975 | Abyss:4  | Found a corrupted altar of Lugonu.
106152 | Abyss:6  | Found a corrupted altar of Lugonu.
106225 | Abyss:7  | Entered Level 7 of the Abyss
106230 | Abyss:7  | Found a corrupted altar of Lugonu.
106363 | Depths:3 | Escaped the Abyss
106365 | Depths:3 | Reached skill level 5 in Spellcasting
106681 | Zot:5    | Noticed an orb of fire
106683 | Zot:5    | Noticed an orb of fire
106693 | Zot:5    | Killed an orb of fire
106693 | Zot:5    | Noticed an orb of fire
106693 | Zot:5    | Noticed an orb of fire
106698 | Zot:5    | Killed an orb of fire
106702 | Zot:5    | Killed an orb of fire
106712 | Zot:5    | Killed an orb of fire
106785 | Zot:5    | Noticed an ancient lich
106794 | Zot:5    | Killed an ancient lich
106903 | Zot:5    | Noticed a dread lich
106903 | Zot:5    | Noticed an orb of fire
106903 | Zot:5    | Noticed an orb of fire
106906 | Zot:5    | Noticed an orb of fire
106913 | Zot:5    | Killed an orb of fire
106916 | Zot:5    | Killed a dread lich
106928 | Zot:5    | Killed an orb of fire
106933 | Zot:5    | Killed an orb of fire
107058 | Zot:5    | Noticed a dread lich
107059 | Zot:5    | Noticed an ancient lich
107068 | Zot:5    | Killed a dread lich
107074 | Zot:5    | Killed an ancient lich
107140 | Zot:5    | Got the Orb of Zot
107357 | Zot:1    | Reached skill level 27 in Armour
107607 | D:14     | Killed Couluus's ghost
107932 | D:5      | Noticed Siuhiaj Mypa the pandemonium lord
108027 | D:1      | Donated 7063 gold pieces to Zin
108029 | D:$      | Escaped with the Orb!

Illustrated notes

Levels and vault maps discovered:
D:1:      minmay_arrival_arboretum_small, layout_basic, minmay_statues_item
D:2:      layout_loops_cross, shapermc_ecumenical_altar_totnotflames,
          minmay_gold_behind_fungi, grunt_ministairs_2,
          kennysheep_generic_room_12
D:3:      layout_loops_ring, mainiacjoe_overflow_catwalk,
          minmay_shallow_snake_nest, uniq_ijyb, uniq_natasha
D:4:      layout_rooms, minmay_temple_entry_glass, uniq_grinder,
          uniq_blork_the_orc
D:5:      layout_gridville, minmay_misc_feat_enclosed
D:6:      layout_rooms, nicolae_ru_path_of_blood, uniq_edmund
D:7:      layout_rooms, nicolae_qazlal_general_emergency
D:8:      minmay_thick_lines, layout_basic, mainiacjoe_overflow_tiny_flanked,
          dk_noncrumbling_4, uniq_joseph
D:9:      layout_basic, st_stairs_3, minmay_splitting_lines, kb_rosetta,
          uniq_psyche
D:10:     layout_irregular_city, bloody_trog, jmf_multi_god_temple,
          serial_shops, nicolae_stop_n_shop_1
D:11:     gammafunk_beogh_shrine, layout_basic, due_lair_maze_entry_diamond,
          serial_shops, shop, nicolae_the_louvre
D:12:     nicolae_cairo_tiling_large_dashed, layout_rooms,
          minmay_misc_feat_nine_boxes
D:13:     layout_roguey, serial_aquarium, aquarium_bridge_square
          [aquarium_subvault_bridge, aquarium_subvault_wall,
          aquarium_subvault_wall, aquarium_subvault_window],
          aquarium_bridge_square [aquarium_subvault_window,
          aquarium_subvault_bridge, aquarium_subvault_bridge,
          aquarium_subvault_wall], aquarium_window_fake, aquarium_window_fake,
          aquarium_window_1, aquarium_window_1, aquarium_view_2e,
          aquarium_pool_split
D:14:     layout_irregular_city, david_vaults_3, vehumet_crystals,
          muffindrake_ghost_dual_entry
D:15:     grunt_enter_depths_snipers, layout_gridville, lemuel_doored_altar
Temple:   regret_index_temple_generic_petals
Lair:1:   layout_misc_corridors, chequers_serial_rivers_room_b,
          grunt_forest_large_clearing_hut, infiniplex_staircase_pool_2
Lair:2:   layout_gridlike, shoals_dummy_entry, special_room [special_room_bee],
          gammafunk_ghost_hive, uniq_nergalle
Lair:3:   layout_layer_cave, minmay_snake_entry_guardpost_large,
          maelrawn_ghost_gauntlet_escape, nicolae_volcano_entry_vermiform
Lair:4:   layout_gridlike, ice2_lemuel
Lair:5:   due_jungle_book, layout_cave_pods, slime_entry_1, grunt_megastairs_4
Shoals:1: nicolae_shoals_mermall, layout_shoals
Shoals:2: layout_shoals, serial_shops, shop, shop, nicolae_shop_dragon_depot,
          nicolae_shop_unique_rings, ldierk_geyser, uniq_ilsuiw
Shoals:3: layout_shoals, serial_shops, shop,
          nicolae_shoals_lost_giant_amphitheater
Shoals:4: shoals_end_hellmonk_lost_city
Snake:1:  layout_chambers, serial_nicolae_subway, nicolae_sub_station_stone,
          nicolae_sub_station_metal, nicolae_sub_station_crystal,
          minmay_shop_star, uniq_aizul, uniq_frances
Snake:2:  layout_chambers, serial_shops, nicolae_book_shop_shelving,
          portal_ice_cave_entry_ice_simulacra, nicolae_snake_salamander_zone,
          uniq_louise, uniq_azrael
Snake:3:  layout_rooms, nicolae_integral_box
Snake:4:  grunt_snake_rune_serpentine_throne, layout_cave_shapes, basic_altar
Slime:1:  nicolae_slime_infinislime, layout_caves
Slime:2:  layout_caves
Slime:3:  layout_caves
Slime:4:  layout_caves
Slime:5:  slime_pit
Orc:1:    layout_caves, gammafunk_ghost_fury_of_okawaru, basic_altar, uniq_sonja
Orc:2:    grunt_orc_gardens, layout_diamond_mine, grunt_orc_garden,
          grunt_orc_garden, grunt_orc_garden, grunt_orc_garden, basic_altar,
          uniq_jorgrun
Elf:1:    minmay_elf_arrival_circle, layout_onion_city,
          kennysheep_underground_church, einodemon_crawler_minivault, uniq_agnes
Elf:2:    nicolae_elf_blades_splatter_lattice
          [nicolae_blade_entry_diamond_columns], layout_geoelf_octagon,
          serial_shops, shop, serial_co_window_serial, co_window_corner_a,
          co_window_corner_a, co_window_paths_a, co_window_corner_a,
          co_window_corner_a, co_window_2corner, co_window_corner_b,
          co_window_broadway_a, co_window_corner_b, glass_columns_c,
          glass_columns_b, glass_columns_b
Elf:3:    elf_hall, layout_gridlike, serial_shops, nicolae_diamond_shop,
          minivault_11, nicolae_elf_variegated_diamond, uniq_roxanne
Vaults:1: mu_enter_wizlab_4, ontoclasm_vaults_pinch,
          nicolae_vaults_diagonal_hallway_7, nicolae_vaults_little_squares_6,
          nicolae_vaults_storage_closets_2, nicolae_vaults_tetromino_T_1,
          ontoclasm_vaults_ligature, nicolae_vaults_house_3,
          nicolae_vaults_little_squares_2, nicolae_vaults_weapon_check,
          nicolae_vaults_surprise_closet_hard, serial_ice_b,
          nicolae_vaults_stepped_doors, ontoclasm_vaults_fault,
          layout_vaults_chaotic_city, serial_shops, shop, uniq_saint_roka
Vaults:2: vaults_room_fours, hangedman_vaults_impose, v_rooms_2,
          minmay_crypt_entry_skeletal_spiral, grunt_vaults_diagonal,
          ontoclasm_vaults_hangar, nicolae_vaults_oozy_zoo,
          nicolae_vaults_three_branches, nicolae_vaults_storage_room_statues,
          nicolae_vaults_house_3, layout_vaults_omnigrid, serial_shops,
          nicolae_shop_temple_entry_statues_fountains
Vaults:3: nicolae_vaults_offset_grid_hallway_4, dpeg_vaults_monster_box,
          hangedman_vaults_stretched_pinwheel, nicolae_vaults_spaceships,
          nicolae_vaults_network_s, nicolae_vaults_layer_cake_slice,
          ontoclasm_vaults_hangar, nicolae_vaults_heart-shaped_vault,
          nicolae_vaults_six-pack, nicolae_vaults_disjoint_gnomons,
          ontoclasm_vaults_misaligned, nicolae_vaults_double_plus_2,
          nicolae_vaults_c_with_doors, v_alt_pattern_3, v_alt_pattern_1,
          ontoclasm_vaults_loading_screen, layout_vaults_omnibox, serial_shops,
          nicolae_diamond_shop
Vaults:4: gammafunk_ghost_arena, ontoclasm_vaults_bender,
          nicolae_vaults_sightless_eye, hangedman_vaults_slice,
          vaults_room_stairs_pillars, v_rooms_6, grunt_vaults_bifocal,
          nicolae_vaults_more_shelving_1, v_misc_12, hangedman_vaults_corner,
          nicolae_vaults_asterisk, v_misc_24, layout_vaults_maze, serial_shops,
          shop
Vaults:5: serial_shops
Crypt:1:  layout_catacombs, grunt_crypt_arrival_webbed
Crypt:2:  layout_catacombs
Crypt:3:  cryptofortress_bobbens
Tomb:1
Tomb:2
Tomb:3:   uniq_mennas
Depths:1: layout_roguey, hangedman_decor_diamond_cutter,
          pf_hell_entry_tar_river, minmay_librarian, uniq_norris
Depths:2: evilmike_halls_of_destruction, layout_gridville, ashenzari_altar_1,
          pf_vacation_house_of_asmodeus, grunt_pan_entry_in_and_out,
          minmay_staircase_statues_hall_large
Depths:3: minmay_the_grid_square_5x5_5x5 [minmay_the_grid_square_5x5_moneybag,
          minmay_the_grid_square_5x5_one_wall,
          minmay_the_grid_square_5x5_bracketed,
          minmay_the_grid_square_5x5_three_walls,
          minmay_the_grid_square_5x5_inverted_slash,
          minmay_the_grid_square_5x5_pentomino_r,
          minmay_the_grid_square_5x5_prize_pseudospiral,
          minmay_the_grid_square_5x5_z,
          minmay_the_grid_square_5x5_prize_rear_guard,
          minmay_the_grid_square_5x5_doubleslash,
          minmay_the_grid_square_5x5_forky, minmay_the_grid_square_5x5_longway,
          minmay_the_grid_square_5x5_prize_deathbox,
          minmay_the_grid_square_5x5_slash, minmay_the_grid_square_5x5_three,
          minmay_the_grid_square_5x5_tri_point,
          minmay_the_grid_square_5x5_prize_monsterx,
          minmay_the_grid_square_5x5_dogpile,
          minmay_the_grid_square_5x5_prize_itemx,
          minmay_the_grid_square_5x5_checkered,
          minmay_the_grid_square_5x5_hollow_slash,
          minmay_the_grid_square_5x5_spiral_small,
          minmay_the_grid_square_5x5_percent,
          minmay_the_grid_square_5x5_shuriken,
          minmay_the_grid_square_5x5_inner_i], layout_gridlike,
          enter_ziggurat_f, grunt_hell_entry_dis_old, abyss_entry,
          nicolae_kite_square_tiling_tiny, uniq_sojobo
Depths:4: grunt_zot_entry_bicorn, layout_gridville, pf_coc_iceberg,
          fedhas_altar_3
Hell
Dis:1:    layout_overlapping_boxes, nicolae_dis_spooky_hallway
Dis:2:    layout_jigsaw
Dis:3:    layout_jigsaw
Dis:6:    layout_jigsaw, nicolae_dis_having_a_grate_time
Dis:7:    dis_hangedman
Geh:1:    layout_gehenna_pools_basic
Geh:2:    layout_gehenna_pools_basic
Geh:4:    layout_gehenna_pools_basic
Geh:5:    layout_gehenna_lava_caves, nicolae_geh_gnashing_of_teeth
Geh:6:    layout_gehenna_pools_basic, nicolae_geh_fourpack
Geh:7:    geh_hangedman
Coc:1:    layout_cocytus_water_paths
Coc:2:    layout_ice_bergs, serial_ice, serial_ice_d, serial_ice_g,
          serial_ice_e, serial_ice_h
Coc:3:    layout_ice_bergs
Coc:4:    layout_cocytus_water_paths
Coc:5:    layout_ice_bergs
Coc:6:    layout_cocytus_delve
Coc:7:    coc_old
Tar:1:    layout_honeycomb
Tar:2:    layout_grid_maze, nicolae_tar_spectre_spectrum
Tar:3:    layout_honeycomb
Tar:4:    layout_catacombs
Tar:5:    layout_honeycomb, door_vault
Tar:6:    layout_honeycomb, nicolae_tar_cuneiform_sun
Tar:7:    tar_grunt_cathedral
Zot:1:    layout_cellular_growth, grunt_ministairs_13, nzn_random_ring,
          grunt_megastairs_3, uniq_tiamat
Zot:2:    layout_misc_corridors, uniq_grunn
Zot:3:    layout_cathedral_of_symmetry
Zot:4:    layout_gridlike, grunt_megastairs_1
Zot:5:    layout_basic

Skill      XL: |  1  2  3  4  5  6  7  8  9 10 11 12 13 14 15 16 17 18 19 20 21 22 23 24 25 26 27 |
---------------+----------------------------------------------------------------------------------+-----
Long Blades    | 3 4 5 7 8 11 12 14 15 16 18 | 18.1
Shields        | 4 5 8 10 11 12 13 14 16 17 18 20 22 | 22.4
Fighting       | 4 5 6 7 8 10 11 12 13 14 15 16 17 18 19 20 27 | 27.0
Invocations    | 1 3 5 6 8 10 12 13 14 15 16 17 18 19 20 21 27 | 27.0
Dodging        | 4 7 8 9 10 11 12 13 14 15 16 18 19 27 | 27.0
Armour         | 5 7 9 10 11 12 13 14 15 27 | 27.0
Throwing       | 1 4 6 8 9 11 12 13 15 16 27 | 27.0
Translocations | 4 17 | 17.1
Spellcasting   | 3 7 |  7.6
Hexes          | 3 |  3.0
Air Magic      | 8 |  8.0

Action                     |  1- 3 |  4- 6 |  7- 9 | 10-12 | 13-15 | 16-18 | 19-21 | 22-24 | 25-27 || total
---------------------------+-------+-------+-------+-------+-------+-------+-------+-------+-------++-------
  Melee: Long sword        |    62 |   125 |   128 |       |       |       |       |       |       ||   315
         Kick              |     8 |    37 |    94 |   197 |   607 |   628 |   454 |   866 |  4631 ||  7522
         Peck              |     4 |    18 |    55 |   107 |   349 |   414 |   298 |   560 |  2877 ||  4682
         Scimitar          |       |       |   144 |   449 |  1365 |   756 |       |       |       ||  2714
         Short sword       |       |       |     5 |       |       |       |       |       |       ||     5
         Double sword      |       |       |       |       |       |   639 |   886 |  1466 |  3368 ||  6359
         Eudemon blade     |       |       |       |       |       |       |    11 |    65 |  5058 ||  5134
  Throw: Dart              |       |     1 |    10 |     8 |     1 |     5 |     6 |     6 |     4 ||    41
         Boomerang         |       |       |       |       |     1 |       |    35 |    95 |   161 ||   292
         Throwing net      |       |       |       |       |       |     3 |     2 |     1 |     4 ||    10
         Javelin           |       |       |       |       |       |       |     5 |    32 |    24 ||    61
   Cast: Manifold Assault  |       |       |       |       |       |       |       |       |   296 ||   296
         Lesser Beckoning  |       |       |       |       |       |       |       |       |   111 ||   111
         Vhi's Electric Ch |       |       |       |       |       |       |       |       |    92 ||    92
         Apportation       |       |       |       |       |       |       |       |       |     9 ||     9
         Blink             |       |       |       |       |       |       |       |       |     4 ||     4
         Portal Projectile |       |       |       |       |       |       |       |       |     2 ||     2
 Invoke: Purification      |       |       |     5 |       |     1 |     9 |       |     1 |     3 ||    19
         Heal Self         |       |       |       |     3 |    16 |    24 |     6 |    11 |     3 ||    63
         Heal Other        |       |       |       |     3 |    23 |    14 |     7 |     9 |       ||    56
         Cleansing Flame   |       |       |       |       |       |       |       |       |     3 ||     3
         Brand Weapon With |       |       |       |       |       |       |       |       |     1 ||     1
         Summon Divine War |       |       |       |       |       |       |       |       |    10 ||    10
         Divine Shield     |       |       |       |       |       |       |       |       |     4 ||     4
         Vitalisation      |       |       |       |       |       |       |       |       |   142 ||   142
         Recite            |       |       |       |       |       |       |       |       |   103 ||   103
         Imprison          |       |       |       |       |       |       |       |       |    16 ||    16
         Sanctuary         |       |       |       |       |       |       |       |       |     4 ||     4
         Donate Gold       |       |       |       |       |       |       |       |       |     1 ||     1
  Evoke: Wand              |       |     1 |     3 |     7 |     5 |       |       |       |     1 ||    17
    Use: Potion            |       |       |     1 |       |     1 |     2 |     2 |     1 |    37 ||    44
         Scroll            |       |       |    10 |     5 |     8 |     9 |    21 |     5 |    18 ||    76
   Stab: Paralysed         |       |       |       |     2 |       |       |       |       |     8 ||    10
         Distracted        |       |       |       |       |     1 |       |     1 |       |     6 ||     8
         Held in net/web   |       |       |       |       |       |     4 |     1 |     2 |     9 ||    16
         Confused          |       |       |       |       |       |       |       |       |    39 ||    39
         Petrified         |       |       |       |       |       |       |       |       |     2 ||     2
 Armour: Scale mail        |    34 |    57 |   121 |   169 |   164 |    33 |       |       |       ||   578
         Ring mail         |       |       |       |       |   211 |   191 |     7 |       |       ||   409
         Chain mail        |       |       |       |       |     2 |       |       |       |       ||     2
         Pearl dragon scal |       |       |       |       |       |       |   155 |   243 |   629 ||  1027
  Dodge: Dodged            |    33 |    53 |   134 |   163 |   912 |   939 |   340 |   691 |  3343 ||  6608
  Block: Buckler           |    13 |    26 |    75 |   115 |   542 |   471 |       |       |       ||  1242
         Reflection        |       |       |       |       |     4 |    90 |    64 |    56 |    55 ||   269
         Kite shield       |       |       |       |       |       |   753 |   632 |   896 |       ||  2281
         Tower shield      |       |       |       |       |       |       |       |   488 |  9244 ||  9732

Table legend: (Time is in decaauts)
 A = Elapsed time spent in this place.
 B = Non-inter-level travel time spent in this place.
 C = Inter-level travel time spent in this place.
 D = Time resting spent in this place.
 E = Time spent auto-exploring this place.
 F = Levels seen in this place.
 G = Mean time per level.
                   A        B        C        D        E       F      G
               +--------+--------+--------+--------+--------+-----+--------+
         Total |  98515 |  89632 |   8883 |  17087 |  43021 | 121 |  814.2 |
       Dungeon |  18003 |  15444 |   2559 |   2133 |  10463 |  15 | 1200.2 |
        Temple |    130 |      5 |    125 |      0 |      0 |   1 |  130.0 |
          Lair |   7206 |   6078 |   1128 |   1127 |   3338 |   5 | 1441.2 |
        Shoals |   4681 |   4433 |    248 |    853 |   2758 |   4 | 1170.2 |
     Snake Pit |   7637 |   7134 |    503 |   2318 |   3243 |   4 | 1909.2 |
    Slime Pits |   1985 |   1848 |    137 |     91 |   1078 |   5 |  397.0 |
  Orcish Mines |   2170 |   2084 |     86 |    558 |   1085 |   2 | 1085.0 |
   Elven Halls |   2537 |   2406 |    131 |     28 |   1721 |   3 |  845.7 |
        Vaults |   8195 |   7389 |    806 |   1224 |   3821 |   5 | 1639.0 |
         Crypt |   3324 |   2948 |    376 |     55 |   2194 |   3 | 1108.0 |
          Tomb |   2335 |   2109 |    226 |    724 |    373 |   3 |  778.3 |
        Depths |   9778 |   8553 |   1225 |   3367 |   3589 |   4 | 2444.5 |
          Hell |   1134 |    979 |    155 |    164 |    402 |   1 | 1134.0 |
           Dis |   3256 |   3171 |     85 |    810 |    643 |   5 |  651.2 |
       Gehenna |   2071 |   2008 |     63 |    308 |    432 |   6 |  345.2 |
       Cocytus |   2668 |   2398 |    270 |    333 |    896 |   7 |  381.1 |
      Tartarus |   3370 |   3251 |    119 |    607 |    857 |   7 |  481.4 |
           Zot |   4584 |   3953 |    631 |    226 |   2461 |   5 |  916.8 |
         Abyss |   1182 |   1182 |      0 |     27 |      0 |   9 |  131.3 |
   Pandemonium |   9451 |   9451 |      0 |    709 |   3211 |  24 |  393.8 |
      Ice Cave |   1130 |   1130 |      0 |    573 |    229 |   1 | 1130.0 |
       Volcano |    587 |    587 |      0 |    348 |      0 |   1 |  587.0 |
        Wizlab |   1090 |   1090 |      0 |    494 |    218 |   1 | 1090.0 |
               +--------+--------+--------+--------+--------+-----+--------+

Top non-repeatable levels by time:
Depths:3: 3338 daAuts
Depths:2: 2760 daAuts
 Snake:2: 2360 daAuts
Vaults:2: 2292 daAuts
  Lair:5: 2196 daAuts
 Snake:1: 2105 daAuts
   Dis:7: 2099 daAuts
    D:15: 1955 daAuts
Depths:1: 1881 daAuts
 Snake:4: 1810 daAuts
Depths:4: 1797 daAuts
    D:14: 1796 daAuts
Shoals:3: 1621 daAuts
    D:13: 1621 daAuts
Vaults:3: 1597 daAuts
